 Dungeon Crawl Stone Soup version 0.30-a0-422-g946f4849ff (webtiles) character file.

Game seed: 2343111326614480431

70 McMuffin the Chiller (level 3, -2/26 HPs)
             Began as a Demigod Ice Elementalist on Dec 8, 2022.
             Slain by a gnoll
             ... wielding a +0 whip
              (4 damage)
             ... on level 2 of the Dungeon.
             The game lasted 00:06:48 (1152 turns).

McMuffin the Chiller (Demigod Ice Elementalist)     Turns: 1152, Time: 00:06:48

Health: -2/26      AC: 12    Str:  9    XL:     3   Next: 76%
Magic:  1/9        EV: 10    Int: 21    God:
Gold:   79         SH:  0    Dex: 14    Spells: 6/7 levels left

rFire   . . .      SeeInvis .    n - +1 mace (protect)
rCold   . . .      Faith    .    (no shield)
rNeg    . . .      Spirit   .    j - +0 ring mail
rPois   .          Reflect  .    (no helmet)
rElec   .          Harm     .    (no cloak)
rCorr   .          Rampage  .    (no gloves)
Will    .....                    (no boots)
Stlth   +.........               o - amulet of the acrobat
HPRegen 0.24/turn                (no ring)
MPRegen 0.11/turn                (no ring)

@: under a protective aura
A: high MP 1, forlorn, divine attributes
a: no special abilities


You were on level 2 of the Dungeon.
You visited 1 branch of the dungeon, and saw 2 of its levels.

You collected 79 gold pieces.

Inventory:

Hand Weapons
 g - a +0 club
 n - a +1 mace of protection (weapon)
Armour
 a - a +0 robe
 j - a +0 ring mail (worn)
 q - the +0 ring mail "Bougeg" {rElec rN+++ Int-4}
   (You found it on level 2 of the Dungeon)

   Int:       It affects your intelligence (-4).
   rElec:     It insulates you from electricity.
   rN:        It renders you almost immune to negative energy.
Jewellery
 o - an amulet of the acrobat (around neck)
Scrolls
 e - 2 scrolls of identify {unknown}
 f - a scroll of enchant armour {unknown}
 k - a scroll of amnesia {unknown}
 m - a scroll of teleportation {unknown}
 p - a scroll of vulnerability {unknown}
Potions
 b - a potion of magic
 c - a potion of berserk rage {unknown}
 d - 4 potions of curing {unknown}
 h - a potion of brilliance {unknown}
 i - a potion of attraction {unknown}
 l - 2 potions of ambrosia {unknown}


   Skills:
 + Level 0.1 Fighting
 + Level 0.3 Maces & Flails
 + Level 0.8 Armour
 + Level 1.8 Dodging
 + Level 1.7 Stealth
 + Level 2.8 Spellcasting
 + Level 4.1 Ice Magic


You had 6 spell levels left.
You knew the following spells:

 Your Spells              Type           Power      Damage    Failure   Level
a - Freeze                Ice            80%        1d9       7%          1

Your spell library contained the following spells:

 Spells                   Type           Power      Damage    Failure   Level
 Frozen Ramparts          Ice            40%        1d7       21%         3
 Ozocubu's Armour         Ice            20%        N/A       21%         3
 Summon Ice Beast         Ice/Summ       11%        N/A       85%         4


Dungeon Overview and Level Annotations

Branches:
Dungeon (2/15)


Innate Abilities, Weirdness & Mutations

You have an increased reservoir of magic. (+10% MP)
You shall have no god before yourself.
Your divine heritage dramatically boosts your attributes as you level up.


Message History

You kill the gnoll!
You hit the gnoll but do no damage. The gnoll hits you but does no damage.
You hit the gnoll. You punch the gnoll, but do no damage.
The gnoll is moderately wounded.
The gnoll hits you with a +0 whip.
* * * LOW HITPOINT WARNING * * *
The gnoll closely misses you.
You hit the gnoll.
The gnoll is severely wounded.
The gnoll closely misses you.
You closely miss the gnoll.
The gnoll is severely wounded.
The gnoll hits you but does no damage. x2
You hit the gnoll.
You kill the gnoll!
Aiming: Freeze (safe; 7% risk of failure)
Press: ? - help, Q - select action Shift-Dir - straight line, f - gnoll
Aim: a gnoll, wielding a +0 whip You freeze the gnoll.
The gnoll is moderately wounded.
The gnoll closely misses you.
You closely miss the gnoll.
The gnoll is moderately wounded.
The gnoll hits you with a +0 whip.
* * * LOW HITPOINT WARNING * * *
You hit the gnoll.
The gnoll is moderately wounded.
The gnoll hits you with a +0 whip.
* * * LOW HITPOINT WARNING * * *
The gnoll barely misses you.
You hit the gnoll but do no damage.
The gnoll is moderately wounded.
The gnoll closely misses you.
You closely miss the gnoll.
The gnoll is moderately wounded.
The gnoll closely misses you. The gnoll hits you but does no damage.
You barely miss the gnoll.
The gnoll is moderately wounded.
The gnoll hits you with a +0 whip.
You die...

##########
#........#
#.######.# ## #@#
#.########. #g#
#..........
###.########....#...
#.......# #.##.....
#.......# #.##.....
#.......####.##.....
#............###)##.
#.......###### #.###
#.......# #.#


You could see a gnoll.

Vanquished Creatures
  4 gnolls
  A worm (D:2)
  6 endoplasms
  A giant cockroach (D:2)
  3 goblins (D:2)
  A hobgoblin (D:2)
  A kobold (D:1)
  A quokka (D:2)
  4 ball pythons
  A bat (D:1)
  3 frilled lizards
  2 rats
28 creatures vanquished.

Notes
Turn   | Place    | Note
-------+----------+-------------------------------------------
     0 | D:1      | McMuffin the Demigod Ice Elementalist began the quest for
                  | the Orb.
     0 | D:1      | Reached XP level 1. HP: 14/14 MP: 5/5
   137 | D:1      | Reached XP level 2. HP: 17/20 MP: 1/7
   807 | D:2      | Reached skill level 4 in Ice Magic
   913 | D:2      | Identified the +0 ring mail "Bougeg" {rElec rN+++ Int-4}
  1000 | D:2      | Reached XP level 3. HP: 26/26 MP: 7/9
  1149 | D:2      | HP: 1/26 [gnoll/+0 whip (5)]
  1152 | D:2      | Slain by a gnoll

Illustrated notes

Levels and vault maps discovered:
D:1:      amcnicky_arrival_feature_with_door, layout_basic
D:2:      layout_loops_ring, basic_altar, grunt_ministairs_12

Skill      XL: |  1  2 |
---------------+-------+-----
Spellcasting   | 2 |  2.8
Ice Magic      | 4 |  4.1
Fighting       | |  0.1
Maces & Flails | |  0.3
Armour         | |  0.8
Dodging        | |  1.8
Stealth        | |  1.7

Action                   || total
-------------------------++-------
Melee: Mace              ||    32
       Club              ||     6
       Punch             ||     1
 Cast: Freeze            ||    35
Armor: Ring mail         ||    16
Dodge: Dodged            ||    41

Table legend: (Time is in decaauts)
 A = Elapsed time spent in this place.
 B = Non-inter-level travel time spent in this place.
 C = Inter-level travel time spent in this place.
 D = Time resting spent in this place.
 E = Time spent auto-exploring this place.
 F = Levels seen in this place.
 G = Mean time per level.
                   A        B        C        D        E       F      G
               +--------+--------+--------+--------+--------+-----+--------+
         Total |   1164 |   1142 |     22 |      0 |      0 |   2 |  582.0 |
       Dungeon |   1164 |   1142 |     22 |      0 |      0 |   2 |  582.0 |
               +--------+--------+--------+--------+--------+-----+--------+

Top non-repeatable levels by time:
     D:1: 797 daAuts
     D:2: 367 daAuts
